AoeStats
← Mr. Cold

Black Forest

506915717Analyzed
4v4 RM · 16d ago on Sep 15, 2026· 58m 51s· 8 players
Game mode
Random Map
Map size
Large (8 player)
Population
200
Speed
Normal
Resources
Standard
Victory
Conquest
Starting age
Dark Age
Ending age
Imperial Age
RankedLock teamsTeams togetherTeam positionsShared explorationLock speedFull tech treeHidden civsTurbo modeCheats
Victory
Defeat
🇳🇱 Spanish · Netherlands
1350
+14
🇩🇪 Malay · Germany
1329
+15
🇩🇪 Celts · Germany
1324
+15
🇬🇧 Romans · United Kingdom
1299
+16
🇬🇧 Poles · United Kingdom
1362
-16
🇩🇪 Japanese · Germany
1358
-17
🇪🇨 Persians · Ecuador
1273
-14
🇦🇷 Mongols · Argentina
1256
-13
Olli
7:13 Loom
12:49 Feudal Age
13:47 Double-Bit Axe
17:58 Castle Age
16:09 Stone Mining
16:44 Gold Mining
17:44 Fishing Lines
19:44 Forging
19:42 Gillnets
24:53 Imperial Age
22:59 Horse Collar
24:46 Conscription
24:57 Elite Karambit Warrior
26:30 Conscription
28:03 Squires
27:50 Arson
28:47 Iron Casting
31:18 Wheelbarrow
31:12 Bow Saw
32:46 Blast Furnace
32:52 Fletching
32:25 Elite Skirmisher
33:10 Thumb Ring
35:08 Bodkin Arrow
35:13 Padded Archer Armor
36:24 Bracer
37:27 Chemistry
41:05 Ballistics
43:40 Leather Archer Armor
52:51 Ring Archer Armor
56:28 Caravan
58:21 Gold Shaft Mining
Oliver
10:29 Feudal Age
11:57 Double-Bit Axe
16:44 Castle Age
14:53 Scale Barding Armor
14:49 Fishing Lines
15:48 Forging
17:08 Bloodlines
22:15 Chain Barding Armor
24:37 Horse Collar
26:52 Husbandry
28:16 Gold Mining
29:42 Heavy Plow
32:02 Iron Casting
31:05 Pikeman
35:06 Loom
35:56 Wheelbarrow
35:07 Town Watch
37:50 Fortified Wall
41:28 Imperial Age
41:31 Cavalier
43:44 Plate Barding Armor
48:18 Ballistics
52:21 Light Cavalry
52:30 Heavy Scorpion
56:36 Bow Saw
57:00 Crop Rotation
57:11 Ballistas
57:27 Conscription
59:22 Siege Engineers
60:17 Chemistry
Bizzy
0:44 Loom
13:02 Feudal Age
16:41 Castle Age
14:47 Double-Bit Axe
15:45 Gold Mining
16:33 Fishing Lines
18:00 Bow Saw
25:53 Horse Collar
29:44 Imperial Age
27:31 Stone Mining
28:08 Heavy Plow
30:03 Wheelbarrow
30:45 Capped Ram
33:28 Scale Mail Armor
33:40 Siege Engineers
33:33 Treadmill Crane
35:07 Hand Cart
34:39 Town Watch
35:19 Siege Ram
37:01 Chain Mail Armor
36:57 Forging
38:18 Gold Shaft Mining
38:18 Stone Shaft Mining
38:07 Fletching
38:17 Padded Archer Armor
39:01 Ballistics
39:41 Chemistry
39:29 Conscription
39:04 Crossbowman
39:06 Elite Skirmisher
39:50 Bodkin Arrow
40:10 Leather Archer Armor
40:29 Masonry
42:27 Ring Archer Armor
43:20 Pikeman
44:31 Plate Mail Armor
44:54 Halberdier
46:10 Iron Casting
46:05 Stronghold
46:53 Hoardings
46:15 Murder Holes
46:02 Onager
48:22 Furor Celtica
56:24 Blast Furnace
56:16 Siege Onager
NL_OxYGeN
1:28 Loom
12:52 Feudal Age
17:22 Castle Age
15:17 Double-Bit Axe
16:18 Fletching
16:15 Town Watch
22:07 Padded Archer Armor
27:13 Wheelbarrow
37:21 Imperial Age
35:02 Scale Barding Armor
36:46 Chain Barding Armor
36:50 Hand Cart
36:53 Bloodlines
36:45 Husbandry
38:46 Plate Barding Armor
38:07 Cavalier
44:20 Forging
46:08 Iron Casting
45:33 Gold Mining
45:27 Horse Collar
46:05 Paladin
47:22 Caravan
48:49 Blast Furnace
48:47 Conscription
50:54 Light Cavalry
52:21 Heavy Plow
51:44 Hussar
54:35 Bow Saw
55:50 Chemistry
56:50 Two-Man Saw
willrhyd
0:55 Loom
13:24 Feudal Age
17:06 Castle Age
14:57 Double-Bit Axe
14:55 Horse Collar
16:22 Gold Mining
17:54 Heavy Plow
18:09 Bow Saw
18:29 Crossbowman
19:54 Fletching
20:10 Padded Archer Armor
20:39 Bodkin Arrow
27:42 Imperial Age
28:34 Leather Archer Armor
29:33 Chemistry
28:44 Bracer
29:39 Thumb Ring
30:23 Arbalester
32:58 Wheelbarrow
34:57 Ballistics
38:28 Masonry
38:26 Siege Engineers
48:38 Caravan
50:31 Scale Mail Armor
50:41 Forging
52:23 Chain Mail Armor
52:44 Iron Casting
51:36 Pikeman
52:16 Squires
53:02 Hand Cart
55:10 Plate Mail Armor
55:16 Iron Casting
57:56 Conscription
59:22 Blast Furnace
Krabbel
0:27 Loom
12:07 Feudal Age
16:14 Castle Age
14:29 Double-Bit Axe
15:58 Town Watch
Mr. Cold
1:29 Loom
12:28 Feudal Age
13:29 Double-Bit Axe
13:25 Horse Collar
13:50 Fishing Lines
16:22 Castle Age
18:05 Gillnets
23:09 Wheelbarrow
24:17 Gold Mining
25:45 Stone Mining
26:36 Gold Shaft Mining
26:17 Bow Saw
29:05 Imperial Age
27:14 Hand Cart
27:52 Stone Shaft Mining
27:51 Padded Archer Armor
27:41 Fletching
28:47 Leather Archer Armor
29:31 Ballistics
29:22 Town Watch
30:46 Chemistry
30:16 Conscription
30:29 Capped Ram
32:11 Bodkin Arrow
32:55 Bloodlines
32:45 Husbandry
33:34 Heavy Scorpion
34:52 Light Cavalry
35:58 Elite Mangudai
40:22 Siege Engineers
40:22 Hussar
41:11 Scale Barding Armor
41:16 Forging
41:10 Bracer
42:43 Chain Barding Armor
44:01 Iron Casting
44:10 Onager
46:49 Coinage
51:51 Herbal Medicine
52:30 Drill
52:18 Siege Onager
Santiawhy
2:32 Loom
10:09 Feudal Age
16:03 Castle Age
14:41 Double-Bit Axe
17:15 Wheelbarrow
22:52 Bow Saw
24:03 Hand Cart
28:45 Horse Collar
30:04 Bloodlines
29:54 Husbandry
32:58 Imperial Age
33:25 Scale Barding Armor
33:18 Heavy Camel Rider
37:40 Two-Man Saw
37:28 Chain Barding Armor
37:32 Heavy Camel Rider
38:19 Heavy Plow
46:43 Crop Rotation
49:08 Town Watch
51:44 Forging
53:16 Caravan
53:55 Crossbowman
54:25 Light Cavalry
57:34 Thumb Ring
58:37 Conscription
Connection lost

Rejoining the realm…

Still unreachable

The connection could not be restored.

Session expired

The server has moved on; the page needs a fresh start.